 Dungeon Crawl Stone Soup version 0.18-a0-1171-ga8e22e7 (webtiles) character file.

53 gorblad the Sneak (level 3, 0/18 HPs)
             Began as a Spriggan Assassin on Jan 26, 2016.
             Killed from afar by Jessica (8 damage)
             ... with a wand of flame
             ... on level 2 of the Dungeon.
             The game lasted 00:01:35 (911 turns).

gorblad the Sneak (Spriggan Assassin)                Turns: 911, Time: 00:01:36

Health: 0/18       AC:  3    Str:  7    XL:     3   Next: 64%
Magic:  4/4        EV: 19    Int: 12    God:
Gold:   112        SH:  0    Dex: 18    Spells: 0 memorised, 2 levels left

rFire  . . .     SeeInvis +     a - +2 dagger
rCold  . . .     Gourm    .     c - +0 robe
rNeg   . . .     Faith    .     (shield restricted)
rPois  .         Spirit   .     (helmet restricted)
rElec  .         Dismiss  .     d - +0 cloak
rCorr  .         Reflect  .     (gloves unavailable)
SustAt .         Harm     .     (boots unavailable)
MR     .....                    (no amulet)
Stlth  ++++......               (no ring)
                                (no ring)

@: very quick, not resistant to hostile enchantments, stealthy
A: unfitting armour, claws 1, see invisible, herbivore 3, speed 3, slow
metabolism 2
a: no special abilities


You were on level 2 of the Dungeon.
You were not hungry.

You visited 1 branch of the dungeon, and saw 2 of its levels.

You collected 112 gold pieces.

Inventory:

Hand Weapons
 a - a +2 dagger (weapon)
 b - a +0 blowgun
Missiles
 e - 8 poisoned needles
 f - 2 curare-tipped needles
Armour
 c - a +0 robe (worn)
 d - a +0 cloak (worn)
Scrolls
 i - a scroll of identify {unknown}
 n - a scroll of recharging {unknown}
Potions
 l - a potion of curing {unknown}
Comestibles
 g - a bread ration
 h - a royal jelly
 j - a slice of pizza
 m - 3 fruits


   Skills:
 - Level 1.5 Fighting
 - Level 2.1 Short Blades
 - Level 2.0 Throwing
 + Level 3.6 Dodging
 + Level 7.2 Stealth


You had 2 spell levels left.
You didn't know any spells.

Dungeon Overview and Level Annotations

Branches:
Dungeon (2/15)

Altars:

Annotations:
D:2 Jessica


Innate Abilities, Weirdness & Mutations

You are tiny and cannot use many weapons and most armour.
You have supernaturally acute eyesight.
You are a herbivore.
You cover ground extremely quickly.
You need consume almost no food.
You have sharp fingernails.


Message History

The quokka is lightly wounded.
The quokka bites you but does no damage.
A kobold comes into view. It is wielding a dagger.
You closely miss the quokka.
The quokka is lightly wounded.
The quokka barely misses you.
Jessica mumbles some strange words.
Jessica blinks!
The rat twitches its whiskers.
Drink which item? (? for menu, Esc to quit)
You don't have any such object.
Drink which item? (? for menu, Esc to quit)
You don't have any such object.
Drink which item? (? for menu, Esc to quit)
Okay, then.
Drink which item? (? for menu, Esc to quit)
It was a potion of mutation.
You feel extremely strange.
Your fingernails lengthen.
The quokka barely misses you.
Jessica zaps a wand.
The puff of flame hits you!
You die...

..... K.... .$....
...## . ...#. r..# #
.....#.####..####.#
.#....#...§.....#
.!....#..).r...####
.####........@......#
......@......##.###.#
###........##.# #.#
#.....$....##.# #.#
#.#........##.###.# #
####........##.†##
#.....(........#
#............#..##
###............##..#


You could see Jessica, a quokka, a kobold (wandering) and a rat.

Vanquished Creatures
  An adder (D:2)
  An ooze (D:1)
  5 giant geckos (D:1)
  A giant cockroach (D:1)
  4 goblins
  2 hobgoblins (D:1)
  7 jackals (D:1)
  A ball python (D:1)
  3 bats (D:2)
  2 giant newts (D:1)
  3 kobolds (D:1)
  3 rats (D:1)
33 creatures vanquished.

Notes
Turn   | Place    | Note
--------------------------------------------------------------
     0 | D:1      | gorblad the Spriggan Assassin began the quest for the Orb.
     0 | D:1      | Reached XP level 1. HP: 10/10 MP: 2/2
    97 | D:1      | Reached skill level 6 in Stealth
   147 | D:1      | Reached XP level 2. HP: 14/14 MP: 3/3
   370 | D:1      | Reached XP level 3. HP: 18/18 MP: 4/4
   857 | D:2      | Reached skill level 7 in Stealth
   905 | D:2      | Noticed Jessica
   911 | D:2      | Gained mutation: You have sharp fingernails. [potion of mutation]
   911 | D:2      | Killed from afar by Jessica

Vault maps used:
D:1:      lightli_arrival_quake, feat_on_display
D:2:      nicolae_dithmenos_through_a_glass_darkly, uniq_jessica

Action                   || total
-------------------------++-------
Melee: Dagger            ||    92
  Use: Scroll            ||     1
       Potion            ||     1
 Stab: Sleeping          ||    13
